 Dungeon Crawl Stone Soup version 0.27-a0-346-ga689d4a613 (webtiles) character file.

Game seed: 10985612433343085817

30480 rednaxela the Gouger (level 13, -3/69 HPs)
             Began as a Felid Chaos Knight on Feb 15, 2021.
             Was a Plaything of Xom.
             Slain by a redback (9 damage)
             ... on level 1 of the Spider Nest on Feb 16, 2021.
             The game lasted 03:25:58 (53134 turns).

rednaxela the Gouger (Felid Chaos Knight)          Turns: 53134, Time: 03:25:58

Health: -3/69      AC:  3    Str:  8    XL:     13   Next: 20%
Magic:  16/26      EV: 27    Int: 18    God:    Xom [.*....]
Gold:   996        SH:  0    Dex: 16    Spells: 0/28 levels left
                                        Lives:  0   Deaths: 3

rFire    + . .     SeeInvis +     - Unarmed
rCold    + . .     Faith    .   (shield unavailable)
rNeg     . . .     Spirit   .   (armour unavailable)
rPois    .         Reflect  .   (helmet unavailable)
rElec    .         Harm     .   (cloak unavailable)
rCorr    .         Rampage  .   (gloves unavailable)
Will     ++...                  (boots unavailable)
Stlth    ++........             y - amulet of the acrobat
HPRegen  0.21/turn              f - ring of protection from fire
MPRegen  0.20/turn              z - ring "Rixkel" {Wiz Will+, =R}

@: confused, very slightly contaminated, quick
A: very small, no armour, no weapons or thrown items, stealth, antennae 1, claws
1, fangs 3, large bone plates 1, see invisible, speed 1, robust 1, shaggy fur 3,
wild magic 2, sharp paws
a: Renounce Religion


You were on level 1 of the Spider Nest.
You worshipped Xom.
You were a plaything of Xom.
You visited 4 branches of the dungeon, and saw 24 of its levels.
You also visited: Ossuary.

You collected 2546 gold pieces.
You spent 1550 gold pieces at shops.

Inventory:

Jewellery
 a - a ring of ice
 c - a ring of protection from cold
 d - a ring of resist corrosion
 f - a ring of protection from fire (left paw)
 j - a ring of positive energy
 w - a ring of willpower
 y - an amulet of the acrobat (around neck)
 z - the ring "Rixkel" (right paw) {Wiz Will+, =R}
   (You found it on level 2 of the Lair of Beasts)

   [ring of wizardry]

   It improves your spell success rate.
   It affects your willpower, your defense against some magical effects.
Wands
 t - a wand of digging (24)
 u - a wand of mindburst (13)
 v - a wand of paralysis (17)
 x - a wand of flame (32)
 B - a wand of random effects (16)
 E - a wand of iceblast (7)
Scrolls
 b - 11 scrolls of teleportation
 h - 3 scrolls of magic mapping
 p - a scroll of amnesia
 q - 4 scrolls of blinking
 A - a scroll of fog
 C - a scroll of holy word
 G - 5 scrolls of identify
 H - a scroll of fear
Potions
 e - 3 potions of mutation
 g - 3 potions of lignification
 i - a potion of berserk rage
 k - 5 potions of heal wounds
 l - 4 potions of curing
 m - 2 potions of flight
 n - a potion of ambrosia
 o - 2 potions of cancellation
 r - 2 potions of magic
 D - a potion of invisibility
 F - 3 potions of haste
Miscellaneous
 s - a condenser vane (inert)


   Skills:
 - Level 10.8 Fighting
 - Level 12.4 Dodging
 - Level 7.4 Stealth
 - Level 13.3 Unarmed Combat
 - Level 8.3 Spellcasting
 - Level 8.3 Conjurations
 - Level 8.3 Hexes
 - Level 5.0 Summonings
 - Level 8.3 Transmutations
 - Level 8.3 Ice Magic
 + Level 4.1 Earth Magic


You couldn't memorise any spells.
You knew the following spells:

 Your Spells              Type           Power        Failure   Level
b - Ozocubu's Armour      Ice            56%          1%          3
c - Summon Ice Beast      Ice/Summ       50%          6%          4
d - Tukima's Dance        Hex            56%          1%          3
e - Blink                 Tloc           N/A          12%         2
f - Confusing Touch       Hex            56%          1%          3
x - Ensorcelled Hibernat  Hex/Ice        100%         1%          2
z - Irradiate             Conj/Tmut      28%          8%          5
S - Statue Form           Tmut/Erth      31%          54%         6

Your spell library contained the following spells:

 Spells                   Type           Power        Failure   Level
 Beastly Appendage        Tmut           100%         1%          1
 Corona                   Hex            62%          1%          1
 Freeze                   Ice            100%         1%          1
 Magic Dart               Conj           100%         1%          1
 Summon Small Mammal      Summ           100%         1%          1
 Searing Ray              Conj           100%         1%          2
 Slow                     Hex            56%          1%          2
 Wereblood                Tmut           56%          1%          2
 Dazzling Flash           Conj/Hex       100%         1%          3
 Frozen Ramparts          Ice            100%         1%          3
 Call Imp                 Summ           40%          2%          2
 Summon Guardian Golem    Hex/Summ       50%          2%          3
 Fulminant Prism          Conj/Hex       28%          3%          4
 Hailstorm                Conj/Ice       56%          3%          4
 Ice Form                 Ice/Tmut       56%          3%          4
 Call Canine Familiar     Summ           40%          4%          3
 Conjure Flame            Conj/Fire      35%          5%          3
 Spider Form              Tmut/Pois      17%          5%          3
 Petrify                  Tmut/Erth      47%          7%          4
 Mephitic Cloud           Conj/Pois/Air  27%          8%          3
 Blade Hands              Tmut           28%          8%          5
 Iskenderun's Battlesphe  Conj           56%          8%          5
 Metabolic Englaciation   Hex/Ice        28%          8%          5
 Yara's Violent Unravell  Hex/Tmut       28%          8%          5
 Corpse Rot               Necr/Air       N/A          12%         2
 Poisonous Vapours        Pois/Air       22%          12%         2
 Sublimation of Blood     Necr           5%           12%         2
 Iskenderun's Mystic Bla  Conj/Tloc      35%          13%         4
 Gell's Gravitas          Tloc           5%           21%         3
 Summon Lightning Spire   Summ/Air       26%          24%         4
 Bolt of Magma            Conj/Fire/Erth 17%          30%         5
 Hydra Form               Tmut           28%          30%         6
 Dispel Undead            Necr           11%          47%         4
 Iron Shot                Conj/Erth      23%          54%         6
 Freezing Cloud           Conj/Ice/Air   21%          63%         6
 Agony                    Necr           11%          80%         5
 Dragon Form              Tmut           28%          80%         7
 Orb of Destruction       Conj           28%          80%         7
 Spellforged Servitor     Conj/Summ      25%          94%         7
 Excruciating Wounds      Necr           Unusable     N/A         5

Dungeon Overview and Level Annotations

Branches:
Dungeon (15/15)            Temple (0/1) D:6            Lair (6/6) D:9
  Swamp (0/4) Lair:2       Spider (1/4) Lair:2        Slime (0/5) Lair:6
    Orc (2/2) D:10            Elf (0/3) Orc:2        Vaults (0/5) D:14
 Depths (0/5) D:15        Ossuary (visited)

Altars:
Ashenzari
Cheibriados
Dithmenos
Elyvilon
Fedhas
Gozag
Hepliaklqana
Kikubaaqudgha
Makhleb
Nemelex Xobeh
Okawaru
Sif Muna
Trog
Uskayaw
Wu Jian
Xom
The Shining One

Shops:
D:9 ?   D:12 *   D:13 :   Orc:2 !?:[

Annotations:
D:8 !shapeshifting titan, Gastronok
Lair:1 1 runed translucent door, Rineaco's ghost, novice MiGl
Lair:3 exclusion: oklob plant
Lair:4 !boulder beetle
Lair:5 exclusion: oklob plant, quoriil's ghost, journeyman MiMo


Innate Abilities, Weirdness & Mutations

You cannot wear armour.
You are incapable of wielding weapons or throwing items.
Your paws allow you to move quietly. (Stealth)
You have sharp claws.
You have razor-sharp teeth.
You have supernaturally acute eyesight. (SInv)
You cover ground quickly.
Your thick and shaggy fur keeps you warm. (AC +3, rC+)
Your sharp claws are effective at attacking unaware monsters.
You have a pair of small antennae on your head.
You are partially covered in large bone plates. (SH +4)
You are robust. (+10% HP)
Your spells are harder to cast, but more powerful.


Message History

* * * LOW HITPOINT WARNING * * *
The jumping spider pounces on you!
* * * LOW HITPOINT WARNING * * *
You are caught in a web!
The jumping spider bites you.
* * * LOW HITPOINT WARNING * * *
A demonic crawler comes into view.
The redback barely misses you. The tarantella completely misses you.
The redback bites you.
* * * LOW HITPOINT WARNING * * *
You are lethally poisoned!
The redback poisons you!
* * * LOW HITPOINT WARNING * * *
You feel very sick.
A redback comes into view.
A tarantella comes into view.
The redback misses you.
The jumping spider leaps!
The redback bites you!!
* * * LOW HITPOINT WARNING * * *
A shower of butterflies erupts from you!
A redback comes into view.
The jumping spider pounces on you.
* * * LOW HITPOINT WARNING * * *
The jumping spider closely misses you.
The redback completely misses your butterfly.
You are too confused!
Unknown command.
You feel better.
Xom titters.
You are confused.
You are now a plaything of Xom.
The redback bites you.
* * * LOW HITPOINT WARNING * * *
The jumping spider closely misses your butterfly.
The jumping spider completely misses your butterfly.
The redback bites you.
* * * LOW HITPOINT WARNING * * *
The redback barely misses your butterfly.
The jumping spider closely misses you.
The jumping spider completely misses you.
The redback bites you!
You die...
Xom laughs nastily!

..............°
.ss............
....s..........
.....s.........
....ss.........
...ssb.s.....s.
......sss○.....
..(..bs@s.b....
.....bbbs^...(.
#.......s.s....
#..............
...............
...............
.../...........
...............


You could see a demonic crawler, a wolf spider, 2 orb spiders, 2 jumping
spiders, 3 tarantellas and 9 redbacks.

Vanquished Creatures
  Nessos (Orc:2)
  A spark wasp (D:14)
  An ettin (D:14)
  Fannar (D:10)
  4 ogre magi
  Erica (D:10)
  4 hydras
  2 dancing weapons (D:14)
  11 two-headed ogres
  A death yak (Lair:1)
  An orc high priest (Orc:1)
  Urug (Orc:1)
  4 skeletal warriors
  A death drake (Orc:1)
  A glowing orange brain (Lair:4)
  2 deep trolls (Orc:2)
  5 unseen horrors
  2 wizards (D:15)
  A deep elf archer (D:15)
  2 lindwurms
  An orc knight (D:15)
  A deep elf zephyrmancer (D:15)
  A wolf spider zombie (D:14)
  3 deep elf pyromancers
  2 ugly things
  An orc sorcerer (Orc:2)
  A manticore (D:12)
  5 cyclopes
  A naga mage (D:15)
  Maurice (D:11)
  3 molten gargoyles (Lair:6)
  A gargoyle (D:15)
  7 black mambas
  2 centaur zombies
  11 cane toads
  A rime drake (Lair:3)
  5 komodo dragons
  A hornet (shapeshifter) (Lair:6)
  11 trolls
  4 blink frogs
  2 jumping spiders (Lair:2)
  2 hornets
  5 dream sheep (Lair:5)
  Prince Ribbit (D:7)
  4 slime creatures (D:14)
  A spriggan (Lair:1)
  4 redbacks (Lair:2)
  A wraith (D:14)
  8 wyverns
  54 yaks
  A basilisk (shapeshifter) (Orc:1)
  A golden eye (D:6)
  2 chaos spawn (D:13)
  3 steam dragons
  7 vampire mosquitoes
  Eustachio (D:6)
  6 basilisks
  Menkaure (D:6)
  7 wargs
  2 swamp worms (Lair:2)
  Duvessa (D:5)
  2 acid dragons
  9 water moccasins
  A nameless horror (D:10)
  2 hell hounds (Lair:6)
  11 orc warriors
  A hornet zombie (D:8)
  An ice beast (D:12)
  4 sky beasts
  A necrophage (D:12)
  4 black bears
  6 wolves (Lair:1)
  34 ogres
  5 centaurs
  5 phantoms
  3 kobold brigands
  19 bullfrogs
  A wyvern zombie (D:9)
  3 scorpions
  Dowan (D:5)
  3 killer bees (D:13)
  4 wights (D:11)
  9 howler monkeys
  2 electric eels (Lair:3)
  5 lava snakes (Lair:6)
  10 hounds
  7 jellies
  15 orc priests
  6 centaur skeletons
  6 iguanas
  13 orc wizards
  9 worker ants
  4 mummies (Ossuary)
  8 gnolls
  12 adders
  A shadow imp (D:9)
  2 white imps
  2 ufetubi (D:9)
  An ooze (D:2)
  2 adder skeletons (D:5)
  An adder zombie (D:6)
  5 worms
  5 leopard geckos
  62 orcs
  9 bats
  5 giant cockroaches
  6 goblins
  4 hobgoblins
  9 jackals
  12 kobolds
  6 quokkas
  4 frilled lizards
  2 goblin zombies (Ossuary)
  2 hobgoblin zombies (Ossuary)
  4 jackal zombies (Ossuary)
  2 leopard gecko zombies
  2 orc zombies (Ossuary)
  11 rats
  2 rat zombies (Ossuary)
611 creatures vanquished.

Vanquished Creatures (collateral kills)
  Snorg (Lair:6)
  A fire dragon (Lair:6)
  3 hydras
  A two-headed ogre (Orc:1)
  A skeletal warrior (D:13)
  A wolf spider zombie (D:14)
  2 cane toads
  Maggie (D:7)
  A rime drake (Lair:4)
  2 komodo dragons (Lair:6)
  A troll (Orc:1)
  5 blink frogs
  A tyrant leech (Lair:1)
  A dream sheep (Lair:4)
  3 wyverns
  4 yaks (Lair:2)
  2 basilisks (Lair:6)
  A water moccasin (Lair:3)
  A hell hound (Lair:6)
  2 orc warriors
  An ice beast (D:9)
  A sky beast (D:9)
  A wolf (Lair:1)
  2 bullfrogs
  5 orcs
  A kobold (D:7)
  A ball python (Orc:1)
47 creatures vanquished.

Vanquished Creatures (others)
  A hydra (Lair:5)
  A cane toad (Lair:6)
  A yak (Lair:2)
  5 dancing weapons
  A hound (D:5)
  An iguana (D:12)
  3 orcs
  78 fungi
  103 plants
194 creatures vanquished.

Grand Total: 852 creatures vanquished

Notes
Turn   | Place    | Note
-------+----------+-------------------------------------------
     0 | D:1      | rednaxela the Felid Chaos Knight began the quest for the
                  | Orb.
     0 | D:1      | Reached XP level 1. HP: 10/10 MP: 2/2
   116 | D:1      | XOM: noise
   312 | D:1      | Reached skill level 1 in Stealth
   312 | D:1      | Reached XP level 2. HP: 14/14 MP: 3/3
   496 | D:1      | XOM: enchant monster (bad)
   820 | D:1      | XOM: butterfly on damage
  1379 | D:2      | XOM: butterfly on damage
  1390 | D:1      | XOM: cast spell 'Alistair's Intoxication'
  1430 | D:2      | XOM: 1-stop teleportation journey
  1451 | D:2      | Reached XP level 3. HP: 16/17 MP: 4/4
  1646 | D:2      | XOM: scenery: summon butterflies
  1674 | D:2      | XOM is BORED!
  1674 | D:2      | XOM: give mutation
  1674 | D:2      | Gained mutation: You are dopey. (Int -2) [Xom's mischief]
  2494 | D:2      | Reached skill level 4 in Unarmed Combat
  2498 | D:2      | XOM: noise
  2813 | D:3      | Found a blossoming altar of Fedhas.
  2849 | D:3      | Reached XP level 4. HP: 21/21 MP: 5/5
  2945 | D:3      | Found a broken altar of Ashenzari.
  3034 | D:3      | XOM: butterfly on damage
  3099 | D:3      | XOM: divination: detect creatures
  3572 | D:3      | Reached XP level 5. HP: 20/24 MP: 6/6
  3624 | D:3      | XOM: divination: detect items
  3686 | D:3      | XOM: cloud trail
  3779 | D:3      | XOM: divination: magic mapping
  3889 | D:2      | XOM: divination: magic mapping
  3989 | D:2      | XOM: polymorph gnoll -> hound
  4139 | D:2      | XOM: give mutations
  4139 | D:2      | Gained mutation: You are weak. (Str -2) [Xom's mischief]
  4139 | D:2      | Gained mutation: You have a pair of small horns on your
                  | head. [Xom's mischief]
  4423 | D:2      | XOM: silly message
  4643 | D:2      | XOM: noise
  4711 | D:2      | XOM: give mutations
  4711 | D:2      | Lost mutation: You are dopey. (Int -2) [Xom's grace]
  4711 | D:2      | Gained mutation: You are partially covered in slimy green
                  | scales. (AC +2) [Xom's grace]
  4711 | D:2      | Gained mutation: You are agile. (Dex +2) [Xom's grace]
  4711 | D:2      | Gained mutation: You can translocate small distances at
                  | will. [Xom's grace]
  5016 | D:4      | XOM: divination: detect items
  5135 | D:4      | XOM: 4-stop teleportation journey
  5140 | D:5      | Entered Level 5 of the Dungeon
  5188 | D:4      | Reached skill level 5 in Unarmed Combat
  5237 | D:4      | Reached skill level 5 in Dodging
  5300 | D:4      | XOM: fog
  5313 | D:4      | XOM: divination: magic mapping
  5356 | D:4      | XOM: cleaving
  5467 | D:5      | Noticed an ogre
  5547 | D:4      | Gained mutation: You are covered in thick fur. (AC +2)
                  | [Felid growth]
  5547 | D:4      | Reached XP level 6. HP: 22/28 MP: 7/7
  5803 | D:4      | XOM: scenery: summon butterflies
  5882 | D:3      | Found a white marble altar of Elyvilon.
  6278 | D:4      | XOM: silly message
  6454 | D:5      | XOM: draining
  6777 | D:5      | XOM is BORED!
  6777 | D:5      | XOM: summons 4 hostile demons
  6899 | D:5      | Found a white marble altar of Elyvilon.
  6956 | D:5      | XOM: scenery: create altars
  7123 | D:5      | XOM: 1-stop teleportation journey
  7277 | D:5      | Reached skill level 5 in Stealth
  7277 | D:5      | Reached skill level 6 in Unarmed Combat
  7277 | D:5      | Reached XP level 7. HP: 31/31 MP: 8/8
  7307 | D:5      | XOM: stat loss: -1 Str (5/6)
  7447 | D:6      | Noticed Duvessa
  7447 | D:6      | Noticed Dowan
  7449 | D:5      | XOM: divine lightning
  7482 | D:5      | XOM: polymorph ogre -> warg
  7488 | D:5      | XOM: summons friendly iron imp
  7530 | D:5      | XOM: give mutation
  7530 | D:5      | Gained mutation: You are resistant to electric shocks.
                  | (rElec) [Xom's grace]
  7880 | D:5      | XOM: confuse monster(s)
  7996 | D:4      | XOM: scenery: summon butterflies
  8168 | D:5      | XOM: enchant monster (bad)
  8180 | D:5      | XOM: chaos upgrade
  8181 | D:5      | Killed Dowan
  8325 | D:6      | XOM: swap monsters
  8746 | D:6      | XOM: polymorph orc warrior -> bat
  8780 | D:6      | Found an iron altar of Okawaru.
  8928 | D:6      | XOM: enchant monster (bad)
  8987 | D:6      | Noticed Menkaure
  9139 | D:6      | XOM: cloud trail
  9140 | D:6      | XOM: god gift: spear {god gift}
  9201 | D:6      | Reached skill level 7 in Unarmed Combat
  9432 | D:6      | Found a staircase to the Ecumenical Temple.
  9432 | D:6      | Noticed Eustachio
  9437 | D:6      | Killed Eustachio
  9438 | D:6      | Reached XP level 8. HP: 34/34 MP: 9/9
  9466 | D:6      | Found a hazy altar of Hepliaklqana.
  9468 | D:6      | Found a hide-covered altar of Uskayaw.
  9470 | D:6      | Found a burning altar of Makhleb.
  9471 | D:6      | Found a bloodstained altar of Trog.
  9471 | D:6      | Found an ancient bone altar of Kikubaaqudgha.
  9471 | D:6      | Found an ornate altar of the Wu Jian Council.
  9471 | D:6      | Found a shimmering blue altar of Sif Muna.
  9488 | D:6      | XOM: polymorph ogre -> golden eye
  9491 | D:6      | XOM: cleaving
  9760 | D:7      | Found a sand-covered staircase.
  9767 | Ossuary  | Entered an ossuary
  9814 | Ossuary  | Reached skill level 8 in Unarmed Combat
  9956 | Ossuary  | XOM: summons 1 hostile demon
 10149 | D:7      | Noticed Prince Ribbit
 10163 | D:7      | XOM: 4-stop teleportation journey
 10222 | D:7      | XOM: god gift: scroll labelled QEOPEASKEA {god gift}
 10291 | D:7      | XOM: summons friendly shadow imp
 10316 | D:7      | XOM: butterfly on damage
 10316 | D:7      | XOM: smoke on damage
 10398 | D:6      | XOM: scenery: summon butterflies
 10557 | D:8      | Learned a level 3 spell: Frozen Ramparts
 10561 | D:8      | Learned a level 3 spell: Ozocubu's Armour
 10694 | D:7      | XOM: give mutations
 10694 | D:7      | Gained mutation: Your flesh is heat resistant. (rF+) [Xom's
                  | grace]
 10694 | D:7      | Gained mutation: You are partially covered in icy blue
                  | scales. (AC +2) [Xom's grace]
 10694 | D:7      | Gained mutation: You have an increased reservoir of magic.
                  | (+10% MP) [Xom's grace]
 10694 | D:7      | Gained mutation: Your mind is acute. (Int +2) [Xom's grace]
 10746 | D:7      | You fall into a shaft and drop 3 floors!
 10746 | D:10     | Entered Level 10 of the Dungeon
 10769 | D:10     | XOM: summons friendly ufetubus
 10770 | D:10     | XOM: polymorph yak -> wyvern
 10800 | D:10     | XOM: scenery: summon butterflies
 10834 | D:10     | XOM: scenery: summon butterflies
 10860 | D:10     | Noticed a two-headed ogre
 10861 | D:10     | XOM: divination: detect items
 10873 | D:10     | XOM: fog
 10915 | D:10     | XOM: enchant monster (good)
 10922 | D:10     | XOM: confuse monster(s)
 10938 | D:10     | XOM: confuse monster(s)
 10949 | D:9      | Noticed a komodo dragon
 10955 | D:9      | XOM: fog
 11163 | D:9      | Reached skill level 1 in Spellcasting
 11163 | D:9      | Reached skill level 1 in Ice Magic
 11592 | D:9      | XOM: confuse monster(s)
 11698 | D:8      | Found an ornate altar of the Wu Jian Council.
 11707 | D:8      | XOM: god gift: 43 gold pieces
 11758 | D:8      | XOM: cloud trail
 11917 | D:8      | Reached XP level 9. HP: 36/37 MP: 11/15
 11932 | D:8      | XOM: confuse monster(s)
 12290 | D:8      | XOM: 1-stop teleportation journey
 12367 | D:8      | XOM: give mutations
 12367 | D:8      | Gained mutation: You have a somewhat thin skeletal
                  | structure. (Dex +2, Stealth) [Xom's grace]
 12367 | D:8      | Gained mutation: Your mind is very acute. (Int +4) [Xom's
                  | grace]
 12367 | D:8      | Gained mutation: You have a pair of horns on your head.
                  | [Xom's grace]
 12367 | D:8      | Gained mutation: You expend magic power (3 MP) to
                  | strengthen your wands. [Xom's grace]
 12600 | D:8      | XOM: give mutations
 12600 | D:8      | Gained mutation: You have a pair of large horns on your
                  | head. [Xom's grace]
 12600 | D:8      | Gained mutation: Your spells are a little harder to cast,
                  | but a little more powerful. [Xom's grace]
 12707 | D:7      | XOM: divination: detect items
 12848 | D:7      | XOM: god gift: long runed staff {god gift}
 12994 | D:6      | Found a glowing golden altar of the Shining One.
 13100 | D:6      | Found a shimmering altar of Xom.
 13161 | D:6      | Learned a level 4 spell: Summon Ice Beast
 13166 | D:6      | Learned a level 4 spell: Hailstorm
 13334 | D:5      | XOM: cloud trail
 13355 | D:5      | XOM: give mutations
 13355 | D:5      | Gained mutation: You passively map a small area around you.
                  | [Xom's grace]
 13355 | D:5      | Gained mutation: You possess an exceptional clarity of
                  | mind. [Xom's grace]
 13564 | D:5      | XOM: summons 3 hostile demons
 13677 | D:5      | XOM: confuse monster(s)
 13698 | D:5      | Killed Duvessa
 14012 | D:7      | XOM: destruction
 14203 | D:7      | XOM: cast spell 'Discord'
 14266 | D:7      | Noticed Maggie
 14459 | D:7      | XOM: give mutations
 14459 | D:7      | Lost mutation: You are weak. (Str -2) [Xom's mischief]
 14459 | D:7      | Lost mutation: Your spells are a little harder to cast, but
                  | a little more powerful. [Xom's mischief]
 14459 | D:7      | Lost mutation: You can translocate small distances at will.
                  | [Xom's mischief]
 14735 | D:7      | XOM: silly message
 14951 | D:8      | Noticed Gastronok
 14951 | D:8      | Noticed Gastronok
 14951 | D:8      | Gastronok changed into Gastronok the titan
 14951 | D:8      | XOM: polymorph Gastronok -> Gastronok the titan
 15018 | D:9      | Reached skill level 5 in Spellcasting
 15018 | D:9      | Reached skill level 5 in Ice Magic
 15091 | D:9      | XOM: enchant monster (bad)
 15251 | D:9      | XOM: butterfly on damage
 15538 | D:9      | Killed a komodo dragon
 16016 | D:9      | Found a staircase to the Lair.
 16276 | D:9      | Found Qeteddyi's Magic Scroll Shop.
 16284 | D:9      | Bought 3 scrolls of teleportation for 117 gold pieces
 16284 | D:9      | Bought a scroll of magic mapping for 45 gold pieces
 16284 | D:9      | Bought a scroll of teleportation for 39 gold pieces
 16284 | D:9      | Bought a scroll of fear for 45 gold pieces
 16392 | D:9      | Reached skill level 1 in Conjurations
 16392 | D:9      | Reached skill level 1 in Summonings
 16392 | D:9      | Reached XP level 10. HP: 38/42 MP: 10/21
 16398 | D:9      | XOM: polymorph ice beast -> river rat
 16466 | D:10     | Found a snail-covered altar of Cheibriados.
 16466 | D:10     | Noticed an unseen horror
 16477 | D:9      | XOM: noise
 16506 | D:9      | Killed an unseen horror
 16661 | D:9      | XOM: give mutation
 16661 | D:9      | Gained mutation: You are robust. (+10% HP) [Xom's grace]
 16821 | D:10     | XOM: cast spell 'Monstrous Menagerie'
 16877 | D:9      | XOM is BORED!
 16877 | D:9      | XOM: give mutations
 16877 | D:9      | Lost mutation: Your mind is very acute. (Int +4) [Xom's
                  | mischief]
 16877 | D:9      | Lost mutation: You are agile. (Dex +2) [Xom's mischief]
 16910 | D:10     | Noticed Erica
 16919 | D:10     | Killed Erica
 17187 | D:7      | XOM: cloud trail
 17232 | D:7      | XOM: noise
 17503 | D:7      | XOM: potion effect (invisibility)
 17511 | D:7      | Killed Prince Ribbit
 17538 | D:7      | Killed Maggie
 17768 | D:6      | Found a shimmering altar of Xom.
 17812 | D:6      | Found a staircase to the Ecumenical Temple.
 17823 | D:6      | Killed Menkaure
 17890 | D:6      | Found a hazy altar of Hepliaklqana.
 17892 | D:6      | Found a hide-covered altar of Uskayaw.
 17894 | D:6      | Found a burning altar of Makhleb.
 17895 | D:6      | Found a bloodstained altar of Trog.
 17895 | D:6      | Found an ancient bone altar of Kikubaaqudgha.
 17895 | D:6      | Found an ornate altar of the Wu Jian Council.
 17895 | D:6      | Found a shimmering blue altar of Sif Muna.
 17962 | D:6      | Found an iron altar of Okawaru.
 17965 | D:6      | Found a glowing golden altar of the Shining One.
 18588 | D:8      | Reached skill level 5 in Conjurations
 18844 | D:10     | XOM: cast spell 'Summon Ice Beast'
 18856 | D:10     | Noticed Fannar
 18981 | D:9      | XOM: smoke on damage
 19037 | D:9      | XOM: potion effect (invisibility)
 19277 | D:9      | Reached skill level 5 in Summonings
 19368 | D:9      | XOM: divination: magic mapping
 19765 | Lair:1   | Entered Level 1 of the Lair of Beasts
 19782 | Lair:1   | Noticed a cane toad
 19791 | Lair:1   | Killed a cane toad
 19816 | Lair:1   | Noticed a cane toad
 19824 | Lair:1   | Killed a cane toad
 19874 | Lair:1   | Reached XP level 11. HP: 41/49 MP: 3/23
 20053 | Lair:1   | XOM: 2-stop teleportation journey
 20076 | Lair:1   | XOM: confuse monster(s)
 20103 | Lair:1   | Noticed a four-headed hydra
 20104 | Lair:1   | XOM: fake destruction
 20120 | Lair:1   | XOM: divination: detect items
 20121 | Lair:1   | XOM: cleaving
 20122 | Lair:1   | XOM: noise
 20238 | D:9      | XOM: noise
 20291 | Lair:1   | Killed a four-headed hydra
 20420 | Lair:1   | XOM: smoke on damage
 20423 | Lair:1   | XOM: cast spell 'Call Canine Familiar'
 20983 | D:9      | XOM: torment (23/49 hp)
 21289 | Lair:1   | XOM: cleaving
 21352 | Lair:1   | XOM is BORED!
 21352 | Lair:1   | XOM: give mutation
 21352 | Lair:1   | Lost mutation: You have an increased reservoir of magic.
                  | (+10% MP) [Xom's mischief]
 21357 | Lair:1   | XOM: smoke on damage
 21508 | Lair:1   | XOM: stat loss: -1 Str (7/8)
 21624 | Lair:1   | XOM: give mutations
 21624 | Lair:1   | Gained mutation: You passively map the area around you.
                  | [Xom's grace]
 21624 | Lair:1   | Gained mutation: Your muscles are strong. (Str +2) [Xom's
                  | grace]
 21860 | Lair:1   | XOM: enchant monster (good)
 22074 | Lair:1   | XOM: god gift: 11 arrows
 22077 | Lair:1   | Found a runed translucent door.
 22078 | Lair:1   | Found a shimmering altar of Xom.
 22078 | Lair:1   | Noticed Rineaco's ghost (novice MiGl)
 22079 | Lair:1   | Noticed a +2 long sword of chaos
 22138 | Lair:1   | XOM: give mutation
 22138 | Lair:1   | Lost mutation: You passively map the area around you.
                  | [Xom's mischief]
 22308 | Lair:2   | Noticed a death yak
 22313 | Lair:2   | XOM: butterfly on damage
 22316 | Lair:2   | XOM: confuse monster(s)
 22320 | Lair:2   | XOM: cast spell 'Summon Small Mammal'
 22321 | Lair:2   | XOM: divination: detect items
 22579 | Lair:1   | XOM: repel stairs
 22593 | Lair:1   | XOM: divination: detect creatures
 22594 | Lair:1   | XOM: confuse monster(s)
 22598 | Lair:1   | Killed a death yak
 22738 | Lair:1   | XOM: scenery: create altars
 22786 | Lair:2   | XOM: summons friendly iron imp
 22956 | Lair:1   | XOM: noise
 23125 | Lair:2   | XOM: summons 3 hostile shadow creatures
 23272 | Lair:1   | XOM: noise
 23366 | Lair:2   | XOM: chaos cloud
 23368 | Lair:2   | XOM: swap monsters
 23391 | Lair:2   | XOM: silly message
 23614 | Lair:2   | XOM: noise
 23630 | Lair:2   | XOM: blink monster(s)
 23644 | Lair:2   | XOM: butterfly on damage
 23934 | Lair:2   | Got a glittering brass ring
 23988 | Lair:2   | XOM: 7-stop teleportation journey
 24015 | Lair:2   | XOM: god gift: book of Callings
 24054 | Lair:2   | XOM: god gift: scroll of immolation
 24298 | Lair:2   | XOM: destruction
 24320 | Lair:2   | XOM: 1-stop teleportation journey
 24464 | Lair:2   | XOM: smoke on damage
 24467 | Lair:2   | XOM: god gift: 22 bolts
 24934 | Lair:1   | XOM: give mutations
 24934 | Lair:1   | Gained mutation: Your flesh is very heat resistant. (rF++)
                  | [Xom's grace]
 24934 | Lair:1   | Gained mutation: Your mind is very acute. (Int +4) [Xom's
                  | grace]
 24934 | Lair:1   | Gained mutation: You are agile. (Dex +2) [Xom's grace]
 24971 | Lair:2   | XOM: scenery: summon butterflies
 25223 | Lair:2   | XOM: 1-stop teleportation journey
 25288 | Lair:2   | XOM: butterfly on damage
 25629 | Lair:2   | Noticed an eight-headed hydra
 25664 | Lair:2   | Killed an eight-headed hydra
 25770 | Lair:2   | Found a hole to the Spider Nest.
 26104 | Lair:2   | XOM is BORED!
 26104 | Lair:2   | XOM: summons 6 hostile demons
 26132 | Lair:2   | Reached skill level 5 in Fighting
 26261 | Lair:2   | XOM: noise
 26490 | Lair:2   | Found a staircase to the Swamp.
 26512 | Lair:2   | XOM: give mutations
 26512 | Lair:2   | Lost mutation: You possess an exceptional clarity of mind.
                  | [Xom's mischief]
 26512 | Lair:2   | Lost mutation: Your mind is very acute. (Int +4) [Xom's
                  | mischief]
 26512 | Lair:2   | Lost mutation: You have a somewhat thin skeletal structure.
                  | (Dex +2, Stealth) [Xom's mischief]
 26544 | Lair:2   | Noticed a five-headed hydra
 26547 | Lair:2   | XOM: enchant monster (good)
 26554 | Lair:2   | Killed a five-headed hydra
 26555 | Lair:2   | Gained mutation: Your thick and shaggy fur keeps you warm.
                  | (AC +3, rC+) [Felid growth]
 26555 | Lair:2   | Reached XP level 12. HP: 57/57 MP: 7/25
 26977 | Lair:2   | Identified the ring "Rixkel" {Wiz Will+} (You found it on
                  | level 2 of the Lair of Beasts)
 27217 | Lair:2   | Learned a level 4 spell: Ice Form
 27617 | Lair:3   | XOM: 7-stop teleportation journey
 27733 | Lair:3   | XOM: 1-stop teleportation journey
 27739 | Lair:3   | Noticed a four-headed hydra
 27747 | Lair:3   | XOM: 1-stop teleportation journey
 28106 | Lair:3   | XOM: give mutations
 28106 | Lair:3   | Lost mutation: You expend magic power (3 MP) to strengthen
                  | your wands. [Xom's mischief]
 28106 | Lair:3   | Lost mutation: You have a pair of large horns on your head.
                  | [Xom's mischief]
 28106 | Lair:3   | Lost mutation: You are agile. (Dex +2) [Xom's mischief]
 28106 | Lair:3   | Lost mutation: Your flesh is very heat resistant. (rF++)
                  | [Xom's mischief]
 28109 | Lair:3   | XOM: torment (36/70 hp)
 28113 | Lair:3   | Killed a four-headed hydra
 28402 | Lair:3   | XOM: summons 5 hostile demons
 28542 | Lair:2   | XOM: give mutations
 28542 | Lair:2   | Gained mutation: Your muscles are very strong. (Str +4)
                  | [Xom's mischief]
 28542 | Lair:2   | Lost mutation: Your mind is acute. (Int +2) [Xom's
                  | mischief]
 28542 | Lair:2   | Lost mutation: You have a pair of horns on your head.
                  | [Xom's mischief]
 28542 | Lair:2   | Gained mutation: You expend magic power (3 MP) to
                  | strengthen your wands. [Xom's mischief]
 28630 | Lair:3   | XOM: divination: detect creatures
 28845 | Lair:3   | XOM: polymorph ice beast -> hornet
 28849 | Lair:3   | XOM: summons 4 friendly demons
 29147 | Lair:3   | XOM: confuse monster(s)
 29490 | Lair:3   | XOM: scenery: 2 doors open
 29885 | Lair:4   | Reached skill level 9 in Unarmed Combat
 29897 | Lair:4   | XOM: divination: magic mapping
 29916 | Lair:4   | XOM: 1-stop teleportation journey
 29942 | Lair:4   | XOM: chaos cloud
 29993 | Lair:4   | XOM: divination: detect creatures
 29995 | Lair:4   | XOM: give mutations
 29995 | Lair:4   | Lost mutation: You expend magic power (3 MP) to strengthen
                  | your wands. [Xom's mischief]
 29995 | Lair:4   | Gained mutation: You expend magic power (3 MP) to
                  | strengthen your wands. [Xom's mischief]
 29995 | Lair:4   | Lost mutation: Your muscles are very strong. (Str +4)
                  | [Xom's mischief]
 29995 | Lair:4   | Lost mutation: Your muscles are strong. (Str +2) [Xom's
                  | mischief]
 30099 | Lair:4   | XOM: polymorph blink frog -> glowing orange brain
 30103 | Lair:4   | XOM: butterfly on damage
 30506 | Lair:3   | XOM: summons 4 hostile demons
 30709 | Lair:5   | Found a transporter.
 30733 | Lair:4   | Noticed an eight-headed hydra
 30749 | Lair:4   | Killed an eight-headed hydra
 31228 | Lair:4   | XOM: give mutations
 31228 | Lair:4   | Lost mutation: You are robust. (+10% HP) [Xom's mischief]
 31228 | Lair:4   | Lost mutation: You are partially covered in slimy green
                  | scales. (AC +2) [Xom's mischief]
 31228 | Lair:4   | Lost mutation: You passively map a small area around you.
                  | [Xom's mischief]
 31228 | Lair:4   | Gained mutation: Your spells are a little easier to cast,
                  | but a little less powerful. [Xom's mischief]
 31677 | Lair:5   | Noticed quoriil's ghost (journeyman MiMo)
 31684 | Lair:5   | Found a transporter.
 31709 | Lair:5   | XOM: potion effect (invisibility)
 31720 | Lair:5   | Reached skill level 10 in Unarmed Combat
 31819 | Lair:5   | XOM: silly message
 31904 | Lair:5   | XOM: potion effect (magic)
 31924 | Lair:5   | XOM: silly message
 31935 | Lair:5   | Slain by a dream sheep
 31936 | Lair:5   | Reached XP level 11. HP: -2/52 MP: 20/24
 31936 | Lair:5   | Noticed a four-headed hydra
 32131 | Lair:5   | XOM: butterfly on damage
 32132 | Lair:5   | Killed a four-headed hydra
 32132 | Lair:5   | XOM: divine lightning
 32233 | Lair:5   | XOM: stat loss: -1 Str (7/8)
 32501 | Lair:5   | Noticed an oklob plant
 32759 | Lair:5   | XOM: scenery: summon butterflies
 32764 | Lair:5   | XOM: cast spell 'Necromutation'
 32767 | Lair:5   | Reached XP level 12. HP: 47/56 MP: 20/25
 33071 | Lair:5   | XOM: god gift: potion of ambrosia
 33100 | Lair:6   | Entered Level 6 of the Lair of Beasts
 33149 | Lair:6   | XOM: divine lightning
 33216 | Lair:6   | Found a gate leading to a gauntlet.
 33264 | Lair:6   | Noticed Snorg
 33274 | Lair:6   | Killed Snorg
 33388 | Lair:6   | XOM: 8-stop teleportation journey
 33389 | Lair:6   | Noticed a six-headed hydra
 33394 | Lair:6   | XOM: noise
 33400 | Lair:6   | Noticed a boulder beetle
 33405 | Lair:6   | Noticed a six-headed hydra
 33434 | Lair:6   | XOM: swap monsters
 33456 | Lair:6   | XOM: confuse monster(s)
 33677 | Lair:5   | XOM: enchant monster (bad)
 33695 | Lair:4   | XOM: cleaving
 33696 | Lair:4   | XOM: fog
 34038 | Lair:6   | XOM: blink monster(s)
 34044 | Lair:6   | XOM: enchant monster (bad)
 34045 | Lair:6   | XOM: polymorph yak -> black mamba
 34049 | Lair:6   | XOM: polymorph yak -> shapeshifter
 34050 | Lair:6   | XOM: swap monsters
 34059 | Lair:6   | Reached skill level 10 in Dodging
 34082 | Lair:6   | Noticed an eight-headed hydra
 34084 | Lair:6   | XOM: cast spell 'Alistair's Intoxication'
 34100 | Lair:6   | XOM: divination: magic mapping
 34252 | Lair:6   | Found a staircase to the Slime Pits.
 34371 | Lair:6   | Killed a six-headed hydra
 34713 | Lair:6   | XOM: noise
 34758 | Lair:6   | Reached skill level 11 in Unarmed Combat
 34958 | Lair:6   | XOM: destruction
 34962 | Lair:6   | XOM: smoke on damage
 34964 | Lair:6   | XOM: fog
 34972 | Lair:6   | XOM: cleaving
 35007 | Lair:6   | XOM: scenery: create altars
 35022 | Lair:6   | XOM: summons 2 friendly demons
 35036 | Lair:6   | XOM: potion effect (berserk rage)
 35038 | Lair:6   | XOM: cleaving
 35716 | Lair:6   | XOM: god gift: 17 bolts
 35739 | Lair:6   | XOM: polymorph ice beast -> blink frog
 35898 | Lair:6   | XOM: silly message
 36122 | Lair:6   | Found a large runed translucent door.
 36155 | Lair:6   | XOM: enchant monster (good)
 36248 | Lair:6   | Noticed a fire dragon
 36615 | Lair:6   | Killed a six-headed hydra
 36626 | Lair:6   | XOM: summons 3 hostile demons
 36770 | Lair:6   | Found a large runed translucent door.
 36986 | Lair:6   | Killed a fire dragon
 37082 | Lair:6   | XOM: stat loss: -1 Str (7/8)
 37426 | Lair:5   | XOM: scenery: summon butterflies
 37429 | Lair:5   | XOM: confuse monster(s)
 37432 | Lair:5   | XOM: destruction
 37740 | D:10     | XOM: confusion (+ monsters)
 37760 | D:10     | Killed Fannar
 37770 | D:10     | XOM: potion effect (curing)
 37774 | D:10     | Killed a two-headed ogre
 37842 | D:10     | Found a staircase to the Orcish Mines.
 38034 | D:10     | XOM: potion effect (brilliance)
 38035 | D:10     | XOM: noise
 38038 | D:10     | XOM: potion effect (curing)
 38045 | D:10     | XOM: divination: detect items
 38047 | D:10     | XOM: summons 7 friendly demons
 38060 | D:10     | Reached XP level 13. HP: 48/61 MP: 23/26
 38069 | D:10     | Reached skill level 12 in Unarmed Combat
 38354 | D:11     | XOM: divination: magic mapping
 38533 | D:11     | XOM: scenery: summon butterflies
 38570 | D:11     | Found a sparkling altar of Nemelex Xobeh.
 38575 | D:11     | Noticed Maurice
 38584 | D:11     | XOM: destruction
 38626 | D:11     | Killed Maurice
 38759 | D:11     | Found a flagged portal.
 38759 | D:11     | XOM: 8-stop teleportation journey
 38804 | D:11     | XOM: cleaving
 38814 | D:11     | XOM: fake destruction
 38851 | D:11     | XOM: 4-stop teleportation journey
 39142 | D:11     | Learned a level 2 spell: Ensorcelled Hibernation
 39310 | D:11     | Reached skill level 1 in Hexes
 39316 | D:11     | Learned a level 3 spell: Tukima's Dance
 39320 | D:11     | Learned a level 3 spell: Confusing Touch
 39424 | D:11     | XOM: give mutations
 39424 | D:11     | Gained mutation: You are partially covered in thin metallic
                  | scales. (AC +2) [Xom's grace]
 39424 | D:11     | Gained mutation: You evolve. [Xom's grace]
 39441 | D:11     | XOM: god gift: 8 datura-tipped darts
 39668 | D:12     | XOM: enchant monster (good)
 39735 | D:12     | XOM: cleaving
 39763 | D:12     | XOM: scenery: create altars
 39769 | D:12     | XOM: god gift: blackened lead wand {god gift}
 39803 | D:11     | Reached skill level 5 in Hexes
 39866 | D:11     | Lost mutation: You have a pair of small horns on your head.
                  | [evolution]
 39868 | D:11     | XOM: give mutations
 39868 | D:11     | Gained mutation: You are strong-willed. (Will+) [Xom's
                  | grace]
 39880 | D:11     | XOM: god gift: 32 gold pieces
 39881 | D:11     | XOM: give mutation
 39881 | D:11     | Gained mutation: You have an increased reservoir of magic.
                  | (+10% MP) [Xom's grace]
 40010 | D:12     | XOM: destruction
 40135 | D:11     | XOM: cloud trail
 40174 | D:12     | XOM: swap monsters
 40441 | D:12     | XOM: give mutations
 40441 | D:12     | Gained mutation: You are dopey. (Int -2) [Xom's mischief]
 40441 | D:12     | Lost mutation: You have an increased reservoir of magic.
                  | (+10% MP) [Xom's mischief]
 40441 | D:12     | Lost mutation: You expend magic power (3 MP) to strengthen
                  | your wands. [Xom's mischief]
 40441 | D:12     | Lost mutation: Your spells are a little easier to cast, but
                  | a little less powerful. [Xom's mischief]
 40446 | D:12     | XOM: silly message
 40671 | D:12     | Found Ipyloshas's Assorted Antiques.
 40899 | D:13     | Found Vefish's Book Shoppe.
 41106 | D:13     | Found the +7 mace of Variability {chain chaos}
 41106 | D:13     | Found a shimmering altar of Xom.
 41312 | D:13     | XOM: 1-stop teleportation journey
 41398 | D:13     | XOM: polymorph white ugly thing -> purple ugly thing
 41404 | D:13     | XOM: confuse monster(s)
 42010 | Orc:1    | Entered Level 1 of the Orcish Mines
 42013 | Orc:1    | Noticed Urug
 42046 | D:10     | XOM: god gift: book of Callings
 42083 | Orc:1    | XOM: confusion (+ monsters)
 42183 | Orc:1    | Killed Urug
 42184 | Orc:1    | Reached skill level 10 in Fighting
 42206 | Orc:1    | XOM is BORED!
 42561 | Orc:1    | XOM: cast spell 'Chain of Chaos'
 42562 | Orc:1    | XOM: confuse monster(s)
 42661 | Orc:1    | XOM: 2-stop teleportation journey
 42662 | Orc:1    | Noticed Harold
 42687 | Orc:1    | Noticed Harold
 42687 | Orc:1    | Harold changed into Harold the death drake
 42687 | Orc:1    | XOM: polymorph Harold -> Harold the death drake
 42695 | Orc:1    | Killed Harold the death drake
 42945 | Orc:1    | XOM: polymorph orc -> ball python
 42960 | Orc:1    | XOM: summons 3 hostile demons
 43109 | Orc:1    | XOM: give mutations
 43109 | Orc:1    | Gained mutation: You rapidly evolve. [Xom's mischief]
 43109 | Orc:1    | Lost mutation: You are dopey. (Int -2) [Xom's mischief]
 43456 | Orc:1    | XOM: 1-stop teleportation journey
 43659 | Orc:1    | XOM: give mutations
 43659 | Orc:1    | Gained mutation: Your body sometimes deteriorates upon
                  | taking damage. [Xom's mischief]
 43659 | Orc:1    | Gained mutation: You are frail. (-10% HP) [Xom's mischief]
 43801 | Orc:2    | Entered Level 2 of the Orcish Mines
 43860 | Orc:1    | XOM: enchant monster (bad)
 43938 | Orc:2    | Found a staircase to the Elven Halls.
 44272 | Orc:1    | XOM: polymorph orc warrior -> hound
 44425 | Orc:2    | Gained mutation: You are agile. (Dex +2) [evolution]
 44542 | Orc:2    | Found Diohid's Book Shoppe.
 44544 | Orc:2    | Found Hauret's Antique Armour Shop.
 44545 | Orc:2    | Found Ziyliat's Distillery.
 44550 | Orc:2    | XOM: butterfly on damage
 44567 | Orc:2    | XOM: chaos upgrade
 44573 | Orc:2    | XOM: silly message
 44615 | Orc:1    | XOM: give mutation
 44615 | Orc:1    | Lost mutation: You are frail. (-10% HP) [Xom's grace]
 44856 | Orc:1    | XOM: divination: detect items
 44863 | Orc:1    | Reached XP level 14. HP: 37/66 MP: 24/27
 44879 | Orc:1    | XOM: cast spell 'Summon Horrible Things'
 45153 | Orc:2    | XOM: polymorph two-headed ogre -> shapeshifter
 45165 | Orc:1    | XOM: cleaving
 45166 | Orc:1    | XOM: summons 2 friendly demons
 45451 | Orc:1    | XOM: give mutation
 45451 | Orc:1    | Lost mutation: Your flesh is heat resistant. (rF+) [Xom's
                  | mischief]
 45676 | Orc:2    | Reached skill level 13 in Unarmed Combat
 45770 | Orc:2    | XOM: give mutations
 45770 | Orc:2    | Lost mutation: You rapidly evolve. [Xom's grace]
 45770 | Orc:2    | Lost mutation: You evolve. [Xom's grace]
 45770 | Orc:2    | Gained mutation: You are somewhat resistant to further
                  | mutation. [Xom's grace]
 45770 | Orc:2    | Gained mutation: Your flesh is cold resistant. (rC+) [Xom's
                  | grace]
 45770 | Orc:2    | Gained mutation: You have a pair of small antennae on your
                  | head. [Xom's grace]
 45858 | Orc:2    | Found Kerudghob's Magic Scroll Boutique.
 45863 | Orc:2    | Noticed Nessos
 45872 | Orc:2    | Shot with an arrow by Nessos
 45873 | Orc:2    | Reached XP level 13. HP: -1/62 MP: 13/26
 45885 | Orc:2    | XOM: cleaving
 45888 | Orc:2    | XOM: 2-stop teleportation journey
 45913 | Orc:2    | XOM: 1-stop teleportation journey
 45941 | Orc:2    | XOM: enchant monster (bad)
 45942 | Orc:2    | XOM: swap monsters
 45945 | Orc:2    | Killed Nessos
 46028 | Orc:2    | XOM: give mutation
 46028 | Orc:2    | Lost mutation: You are somewhat resistant to further
                  | mutation. [Xom's mischief]
 46047 | Orc:2    | Bought a book of Minor Magic for 200 gold pieces
 46047 | Orc:2    | Bought a book of Transfigurations for 550 gold pieces
 46050 | Orc:2    | Learned a level 2 spell: Blink
 46057 | Orc:2    | Learned a level 5 spell: Irradiate
 46081 | Orc:2    | Bought 2 potions of haste for 280 gold pieces
 46081 | Orc:2    | Bought a potion of invisibility for 112 gold pieces
 46086 | Orc:2    | Bought a scroll of blinking for 90 gold pieces
 46086 | Orc:2    | Bought a scroll of teleportation for 36 gold pieces
 46086 | Orc:2    | Bought a scroll of teleportation for 36 gold pieces
 46508 | D:14     | Reached skill level 1 in Transmutations
 46515 | D:13     | XOM: blink monster(s)
 46663 | D:13     | Noticed an ettin
 46678 | D:14     | XOM: fog
 46704 | D:14     | XOM: summons 4 hostile shadow creatures
 46707 | D:14     | XOM: divination: detect items
 46906 | D:14     | Killed an ettin
 47166 | D:14     | XOM: cast spell 'Summon Horrible Things'
 47322 | D:14     | Found an opulent altar of Gozag.
 47405 | D:14     | Reached skill level 5 in Transmutations
 47641 | D:14     | Found a gate to the Vaults.
 47645 | D:14     | XOM: smoke on damage
 47650 | D:14     | XOM: noise
 47651 | D:14     | XOM: give mutations
 47651 | D:14     | Gained mutation: You do not regenerate when monsters are
                  | visible. [Xom's mischief]
 47651 | D:14     | Gained mutation: Your body often deteriorates upon taking
                  | damage. [Xom's mischief]
 48278 | D:14     | XOM: summons 3 hostile demons
 48635 | D:14     | XOM: scenery: summon butterflies
 48823 | D:15     | Entered Level 15 of the Dungeon
 48884 | D:15     | Learned a level 6 spell: Statue Form
 48955 | D:15     | XOM: summons 4 hostile shadow creatures
 49066 | D:15     | Found a shadowy altar of Dithmenos.
 49209 | D:14     | XOM: summons 2 hostile demons
 49425 | D:15     | XOM: enchant monster (bad)
 49426 | D:15     | XOM: butterfly on damage
 49662 | D:14     | XOM: give mutations
 49662 | D:14     | Lost mutation: Your flesh is cold resistant. (rC+) [Xom's
                  | mischief]
 49662 | D:14     | Lost mutation: You are agile. (Dex +2) [Xom's mischief]
 49705 | D:15     | Lost mutation: You are partially covered in thin metallic
                  | scales. (AC +2) [potion of mutation]
 49705 | D:15     | Lost mutation: You are partially covered in icy blue
                  | scales. (AC +2) [potion of mutation]
 49705 | D:15     | Gained mutation: Your magical capacity is low. (-10% MP)
                  | [potion of mutation]
 49705 | D:15     | Gained mutation: You have a pair of antennae on your head.
                  | [potion of mutation]
 49705 | D:15     | Gained mutation: You possess an exceptional clarity of
                  | mind. [potion of mutation]
 49706 | D:15     | Lost mutation: You are resistant to electric shocks.
                  | (rElec) [potion of mutation]
 49706 | D:15     | Lost mutation: Your body often deteriorates upon taking
                  | damage. [potion of mutation]
 49706 | D:15     | Gained mutation: Your magical capacity is very low. (-20%
                  | MP) [potion of mutation]
 49706 | D:15     | Lost mutation: You possess an exceptional clarity of mind.
                  | [potion of mutation]
 49706 | D:15     | Gained mutation: You are frail. (-10% HP) [potion of
                  | mutation]
 49706 | D:15     | Lost mutation: Your magical capacity is very low. (-20% MP)
                  | [potion of mutation]
 49707 | D:15     | Lost mutation: You have a pair of antennae on your head.
                  | [potion of mutation]
 49707 | D:15     | Lost mutation: You have a pair of small antennae on your
                  | head. [potion of mutation]
 49707 | D:15     | Lost mutation: Your magical capacity is low. (-10% MP)
                  | [potion of mutation]
 49707 | D:15     | Gained mutation: You have a pair of small antennae on your
                  | head. [potion of mutation]
 49707 | D:15     | Gained mutation: You are partially covered in large bone
                  | plates. (SH +4) [potion of mutation]
 49707 | D:15     | Gained mutation: Your spells are a little harder to cast,
                  | but a little more powerful. [potion of mutation]
 49708 | D:15     | Lost mutation: You are strong-willed. (Will+) [potion of
                  | mutation]
 49708 | D:15     | Lost mutation: Your body sometimes deteriorates upon taking
                  | damage. [potion of mutation]
 49708 | D:15     | Lost mutation: You are frail. (-10% HP) [potion of
                  | mutation]
 49708 | D:15     | Lost mutation: You do not regenerate when monsters are
                  | visible. [potion of mutation]
 49708 | D:15     | Gained mutation: Your spells are harder to cast, but more
                  | powerful. [potion of mutation]
 49708 | D:15     | Gained mutation: You are robust. (+10% HP) [potion of
                  | mutation]
 49975 | D:13     | XOM: scenery: summon butterflies
 50020 | D:14     | XOM: summons 13 friendly demons
 50264 | D:15     | XOM: potion effect (invisibility)
 50435 | D:14     | XOM: smoke on damage
 50850 | D:15     | XOM: noise
 51002 | D:15     | XOM: noise
 51002 | D:15     | XOM: smoke on damage
 51270 | D:14     | Noticed a spark wasp
 51270 | D:14     | a slime creature changed into a spark wasp
 51270 | D:14     | XOM: polymorph slime creature -> spark wasp
 51273 | D:14     | Killed a spark wasp
 51631 | D:15     | Reached XP level 14. HP: 72/72 MP: 22/27
 51722 | D:15     | Reached skill level 1 in Earth Magic
 52242 | D:15     | Found a staircase to the Depths.
 52843 | D:10     | XOM: summons 5 hostile demons
 52983 | D:8      | Killed from afar by Gastronok the titan
 52984 | D:8      | Reached XP level 13. HP: -12/69 MP: 24/26
 53130 | Spider:1 | Entered Level 1 of the Spider Nest
 53133 | Spider:1 | XOM: butterfly on damage
 53133 | Spider:1 | HP: 3/69 [jumping spider (3)]
 53134 | Spider:1 | XOM: confusion
 53134 | Spider:1 | Slain by a redback

Illustrated notes

Levels and vault maps discovered:
D:1:      dpeg_arrival_subterranean_lakeside_camping, layout_loops_corners
D:2:      layout_loops_corners, serial_park_tiny_1
D:3:      lemuel_upstairs_altar, layout_basic, lemuel_crystal_altar,
          fedhas_ov_isle_minmay, portal_sewer_entry_d
D:4:      layout_basic
D:5:      layout_basic, elyvilon_altar_1
D:6:      layout_loops_ring, grunt_temple_overflow_open, general_overflow_altar,
          gammafunk_temple_overflow_statue, temple_green, uniq_menkaure,
          uniq_duvessa, uniq_eustachio
D:7:      layout_layer_cave, enter_ossuary_1, minivault_10, uniq_maggie,
          uniq_prince_ribbit1
D:8:      layout_layer_cave, basic_altar, serial_bayou_pond_a, abandoned_shop,
          nrook_mini_vaults, hangedman_decor_clover_reticule,
          minmay_misc_feat_chi, st_stairs_12, uniq_gastronok
D:9:      layout_roguey, grunt_lair_entry_orc_guard_hut, serial_shops,
          nicolae_shop_behind_doors
D:10:     layout_long_grid, minmay_orc_entry_guard_dogs, basic_altar,
          uniq_fannar, uniq_erica
D:11:     layout_long_grid, enter_bailey_2, nemelex_diamond_rough_becter,
          uniq_maurice
D:12:     layout_cave_pools, serial_shops, shop_coins
D:13:     kennysheep_funnel, layout_long_grid, serial_shops, shop,
          minmay_guarded_unrand_variability
D:14:     layout_big_octagon, erik_vaults_1, minmay_splitting_lines,
          grunt_gozag_statues
D:15:     grunt_enter_depths_magical_seal, layout_gridville,
          minmay_misc_feat_ornament, grunt_dithmenos_smoke
Lair:1:   layout_misc_corridors, ebering_ghost_xom, beast_lair_carwin_11,
          grunt_megastairs_1
Lair:2:   layout_chaotic_city, palyth_hydra_swamp_entry,
          nicolae_spider_entry_tight_spaces, grunt_forest_large_clearing_hut,
          lemuel_fruit_tree
Lair:3:   layout_chaotic_city, infiniplex_staircase_pool, serial_bayou_shore_a,
          minmay_lair_oklob_chamber
Lair:4:   layout_big_grid
Lair:5:   layout_regular_city, gammafunk_ghost_berserking_beasts,
          minmay_lair_oklob_bushes
Lair:6:   cheibrodos_lair_end_hotspot, layout_loops_ring, slime_dummy,
          gauntlet_entry_generic, st_stairs_4, uniq_snorg
Spider:1: layout_spider_delve, uniq_jorgrun
Orc:1:    layout_caves, mines4_lemuel, uniq_urug, uniq_harold
Orc:2:    st_orc_open, layout_caves, uniq_nessos

Skill      XL: |  1  2  3  4  5  6  7  8  9 10 11 12 13 14 |
---------------+-------------------------------------------+-----
Stealth        | 1 2 3 4 5 6 7 |  7.4
Dodging        | 4 5 6 7 11 12 | 12.4
Unarmed Combat | 4 5 6 7 8 11 12 13 | 13.3
Spellcasting   | 2 6 8 |  8.3
Ice Magic      | 2 6 8 |  8.3
Conjurations   | 1 6 8 |  8.3
Summonings     | 1 5 |  5.0
Fighting       | 5 9 10 | 10.8
Hexes          | 8 |  8.3
Transmutations | 8 |  8.3
Earth Magic    | 4 |  4.1

Action                   |  1- 3 |  4- 6 |  7- 9 | 10-12 | 13-15 || total
-------------------------+-------+-------+-------+-------+-------++-------
Melee: Unarmed           |   138 |   233 |   428 |   627 |   586 ||  2012
       Punch             |     2 |    11 |    12 |    20 |    19 ||    64
       Bite              |     5 |    19 |    43 |    66 |    49 ||   182
       Headbutt          |       |    22 |    71 |   123 |    18 ||   234
 Cast: Ozocubu's Armour  |       |       |    22 |   114 |    48 ||   184
       Frozen Ramparts   |       |       |    13 |    79 |    18 ||   110
       Summon Ice Beast  |       |       |     3 |   101 |    19 ||   123
       Hailstorm         |       |       |     1 |    35 |     3 ||    39
       Ice Form          |       |       |       |     5 |       ||     5
       Ensorcelled Hiber |       |       |       |       |   179 ||   179
       Tukima's Dance    |       |       |       |       |    53 ||    53
       Confusing Touch   |       |       |       |       |    11 ||    11
       Irradiate         |       |       |       |       |     9 ||     9
 Abil: Blink             |       |       |     1 |       |       ||     1
       End Transformatio |       |       |       |     3 |       ||     3
Evoke: Wand              |       |       |       |    18 |     3 ||    21
       Condenser vane    |       |       |       |     1 |     2 ||     3
  Use: Scroll            |       |     5 |    19 |     7 |     8 ||    39
       Potion            |       |       |    10 |     2 |     9 ||    21
 Stab: Sleeping          |     9 |     9 |    16 |    13 |   116 ||   163
       Distracted        |     2 |       |     3 |     5 |     2 ||    12
       Fleeing           |       |       |     1 |       |       ||     1
       Confused          |       |       |     3 |     6 |    12 ||    21
       Invisible         |       |       |       |     3 |     1 ||     4
       Paralysed         |       |       |       |     4 |     1 ||     5
Armor: Skin              |     8 |     9 |    34 |   113 |    62 ||   226
Dodge: Dodged            |   106 |   165 |   322 |   764 |   700 ||  2057
Block: Other             |       |       |       |       |    15 ||    15

Table legend: (Time is in decaauts)
 A = Elapsed time spent in this place.
 B = Non-inter-level travel time spent in this place.
 C = Inter-level travel time spent in this place.
 D = Time resting spent in this place.
 E = Time spent auto-exploring this place.
 F = Levels seen in this place.
 G = Mean time per level.
                   A        B        C        D        E       F      G
               +--------+--------+--------+--------+--------+-----+--------+
         Total |  48373 |  46676 |   1697 |  17833 |  18049 |  25 | 1934.9 |
       Dungeon |  28476 |  27198 |   1278 |   9562 |  10926 |  15 | 1898.4 |
          Lair |  15694 |  15307 |    387 |   6935 |   5363 |   6 | 2615.7 |
   Spider Nest |      3 |      3 |      0 |      0 |      0 |   1 |    3.0 |
  Orcish Mines |   3876 |   3844 |     32 |   1243 |   1667 |   2 | 1938.0 |
       Ossuary |    322 |    322 |      0 |     92 |     91 |   1 |  322.0 |
               +--------+--------+--------+--------+--------+-----+--------+

Top non-repeatable levels by time:
     D:9: 4072 daAuts
    D:14: 3302 daAuts
  Lair:1: 3230 daAuts
  Lair:2: 3227 daAuts
  Lair:6: 2946 daAuts
   Orc:1: 2627 daAuts
  Lair:3: 2528 daAuts
     D:6: 2402 daAuts
  Lair:5: 2399 daAuts
     D:2: 2182 daAuts
    D:13: 2074 daAuts
     D:5: 2050 daAuts
     D:7: 1872 daAuts
     D:8: 1738 daAuts
    D:11: 1520 daAuts
